 Dungeon Crawl Stone Soup version 0.26-a0-952-g76694b35de (webtiles) character file.

Game seed: 6712024783890482529

270 mhtbhm the Sneak (level 6, -1/48 HPs)
             Began as a Human Delver on Nov 30, 2020.
             Slain by a gnoll
             ... wielding a +0 spear
              (5 damage)
             ... on level 2 of the Dungeon.
             The game lasted 00:09:12 (3331 turns).

mhtbhm the Sneak (Human Delver)                     Turns: 3331, Time: 00:09:14

Health: -1/48      AC: 13    Str: 14    XL:     6   Next: 46%
Magic:  6/6        EV: 10    Int: 10    God:
Gold:   87         SH:  0    Dex: 19    Spells: 5/5 levels left

rFire    . . .     SeeInvis .   h - +1 hunting sling of Courage {vorpal, Dex+4}
rCold    + . .     Faith    .   (no shield)
rNeg     . . .     Spirit   .   b - +1 scale mail {rC+}
rPois    .         Reflect  .   (no helmet)
rElec    .         Harm     .   (no cloak)
rCorr    .         Rampage  .   u - +2 pair of gloves
MR       .....                  m - +2 pair of boots
Stlth    ++........             r - amulet of inaccuracy (curse)
HPRegen  0.16/turn              (no ring)
MPRegen  0.10/turn              (no ring)

@: very slightly contaminated, invisible
A: no striking features
a: no special abilities


You were on level 2 of the Dungeon.
You visited 1 branch of the dungeon, and saw 4 of its levels.

You collected 87 gold pieces.

Inventory:

Hand Weapons
 a - a +2 vorpal mace
 h - the +1 hunting sling of Courage (weapon) {vorpal, Dex+4}
   (You found it on level 5 of the Dungeon)

   Any stone fired from it inflicts extra damage.
   It affects your dexterity (+4).
Missiles
 l - 35 stones (quivered)
Armour
 b - a +1 scale mail of cold resistance (worn)
 m - a +2 pair of boots (worn)
 u - a +2 pair of gloves (worn)
Jewellery
 i - an uncursed amulet of the acrobat
 n - an uncursed amulet of faith
 r - a cursed amulet of inaccuracy (around neck)
Wands
 g - a wand of digging (3)
Scrolls
 c - 2 scrolls of fog
 d - 2 scrolls of magic mapping
 q - a scroll of identify
 s - a scroll of remove curse
 t - a scroll of teleportation
Potions
 e - 2 potions of lignification
 f - 2 potions of haste
 k - a potion of resistance
 p - a potion of flight


   Skills:
 + Level 4.0 Fighting
 + Level 2.0 Long Blades
 + Level 1.0 Maces & Flails
 + Level 3.2 Slings
 + Level 1.6 Armour
 + Level 2.3 Dodging
 + Level 5.9 Stealth


You had 5 spell levels left.
You didn't know any spells.
Your spell library was empty.

Dungeon Overview and Level Annotations

Branches:
Dungeon (5/15)
 Temple: D:4-7

Altars:
Ashenzari
Vehumet

Annotations:
D:3 Sigmund
D:4 1 runed translucent door, lordvenom1's ghost, amateur FoFi
D:5 Eustachio


Message History

Press: ? - help, Q - select action Shift-Dir - straight line, f/p - gnoll
Aim: a gnoll, wielding a +0 spear (heavily wounded)
You shoot a stone. The stone barely misses the gnoll.
Fire: 38 stones
Press: ? - help, Q - select action Shift-Dir - straight line, f/p - gnoll
Aim: a gnoll, wielding a +0 spear (heavily wounded)
You shoot a stone. The stone closely misses the gnoll.
The gnoll hits you but does no damage.
Fire: 37 stones
Press: ? - help, Q - select action Shift-Dir - straight line, f/p - gnoll
Aim: a gnoll, wielding a +0 spear (heavily wounded)
You shoot a stone. The stone closely misses the gnoll.
The gnoll hits you from afar with a +0 spear.
* * * LOW HITPOINT WARNING * * *
Fire: 36 stones
Press: ? - help, Q - select action Shift-Dir - straight line, f/p - gnoll
Aim: a gnoll, wielding a +0 spear (heavily wounded)
You shoot a stone. The stone misses the gnoll.
The gnoll hits you from afar with a +0 spear.
You die...

...####......######
.....##.......)...#
##.#.#.......####.#
...#.#.............
.###.#.....########
.....#.###...# [......#
###....
...#####################
.......))([((.g.@.......
......##################
#.....###########
#....gg.........#
##.###..........# ...#
#g.........#
######..........#
#....#..........#
+................


You could see a gnoll.

Vanquished Creatures
  A hound (D:4)
  An orc priest (D:3)
  Terence (D:3)
  2 worker ants (D:5)
  A hound skeleton (D:5)
  3 gnolls (D:2)
  4 adders
  A worm (D:4)
  2 leopard geckos (D:2)
  6 orcs
  5 bats
  3 giant cockroaches
  5 goblins
  5 hobgoblins (D:2)
  4 jackals (D:3)
  4 kobolds
  A quokka (D:2)
  3 frilled lizards
  4 rats
56 creatures vanquished.

Vanquished Creatures (others)
  A hobgoblin (D:2)
  A quokka (D:2)
2 creatures vanquished.

Grand Total: 58 creatures vanquished

Notes
Turn   | Place    | Note
-------+----------+-------------------------------------------
     0 | D:5      | mhtbhm the Human Delver began the quest for the Orb.
     0 | D:5      | Reached XP level 1. HP: 18/18 MP: 1/1
     4 | D:5      | Got a brightly glowing hunting sling
    15 | D:5      | Identified the cursed +1 hunting sling of Courage {vorpal,
                  | Dex+4} (You found it on level 5 of the Dungeon)
    58 | D:5      | Reached XP level 2. HP: 24/24 MP: 2/2
    87 | D:5      | Reached XP level 3. HP: 29/29 MP: 3/3
   154 | D:5      | Reached skill level 1 in Slings
   154 | D:5      | Reached XP level 4. HP: 30/36 MP: 4/4
   224 | D:5      | Noticed Eustachio
   344 | D:4      | Reached XP level 5. HP: 32/42 MP: 5/5
   511 | D:4      | Found a radiant altar of Vehumet.
   798 | D:4      | Found a runed translucent door.
   799 | D:4      | Noticed lordvenom1's ghost (amateur FoFi)
  1058 | D:3      | Found a broken altar of Ashenzari.
  1741 | D:3      | Noticed Terence
  1752 | D:3      | Killed Terence
  1795 | D:3      | Noticed Sigmund
  1973 | D:2      | Reached XP level 6. HP: 13/48 MP: 6/6
  2441 | D:2      | Reached skill level 1 in Armour
  3308 | D:2      | HP: 2/48 [gnoll/+0 halberd (10)]
  3313 | D:2      | Reached skill level 1 in Maces & Flails
  3331 | D:2      | Slain by a gnoll

Illustrated notes

Levels and vault maps discovered:
D:2:      minmay_inner_zag, layout_basic, lemuel_old_faithful,
          uniq_crazy_yiuf_cottage
D:3:      layout_loops_corners, cheibrodos_ashenzari_chains, uniq_terence,
          uniq_sigmund
D:4:      layout_gridville, fiery_altar_vehumet, ebering_ghost_reflecting_pool
D:5:      layout_loops_ring, uniq_edmund, uniq_eustachio

Skill      XL: |  1  2  3  4  5  6 |
---------------+-------------------+-----
Slings         | 1 2 3 |  3.2
Armour         | 1 |  1.6
Fighting       | 4 |  4.0
Maces & Flails | 1 |  1.0
Long Blades    | |  2.0
Dodging        | |  2.3
Stealth        | |  5.9

Action                   |  1- 3 |  4- 6 || total
-------------------------+-------+-------++-------
Melee: Mace              |       |   147 ||   147
 Fire: Hunting sling     |    15 |    77 ||    92
  Use: Scroll            |       |    10 ||    10
       Potion            |       |     3 ||     3
 Stab: Sleeping          |       |     3 ||     3
Armor: Ring mail         |       |    27 ||    27
       Scale mail        |       |    91 ||    91
Dodge: Dodged            |     3 |   132 ||   135

Table legend: (Time is in decaauts)
 A = Elapsed time spent in this place.
 B = Non-inter-level travel time spent in this place.
 C = Inter-level travel time spent in this place.
 D = Time resting spent in this place.
 E = Time spent auto-exploring this place.
 F = Levels seen in this place.
 G = Mean time per level.
                   A        B        C        D        E       F      G
               +--------+--------+--------+--------+--------+-----+--------+
         Total |   3407 |   3397 |     10 |   1095 |   1297 |   4 |  851.8 |
       Dungeon |   3407 |   3397 |     10 |   1095 |   1297 |   4 |  851.8 |
               +--------+--------+--------+--------+--------+-----+--------+

Top non-repeatable levels by time:
     D:2: 1557 daAuts
     D:4: 1011 daAuts
     D:3: 527 daAuts
     D:5: 311 daAuts
